 Dungeon Crawl Stone Soup version 0.21-a0-41-g5e91fef (webtiles) character file.

1220 roguesci the Ducker (level 8, -7/66 HPs)
             Began as a Grey Draconian Ice Elementalist on June 3, 2017.
             Was a Follower of Kikubaaqudgha.
             Mangled by an orc warrior
             ... wielding a +0 short sword
              (11 damage)
             ... on level 6 of the Dungeon.
             The game lasted 00:42:17 (9002 turns).

roguesci the Ducker (DrIE)                          Turns: 9002, Time: 00:42:19

Health: -7/66      AC: 12    Str: 12    XL:     8   Next: 23%
Magic:  18/22      EV: 14    Int: 15    God:    Kikubaaqudgha [*.....]
Gold:   178        SH:  0    Dex: 13    Spells: 7/14 levels left

rFire    . . .     SeeInvis .   n - +4 hand axe
rCold    . . .     Gourm    .   (no shield)
rNeg     + . .     Faith    .   (armour unavailable)
rPois    .         Spirit   .   (helmet restricted)
rElec    .         Reflect  .   (no cloak)
rCorr    .         Harm     .   e - +0 pair of gloves
MR       .....                  (no boots)
Stlth    ++........             (no amulet)
Regen    0.3/turn               k - ring of positive energy
MPRegen  0.2/turn               s - ring of magical power

@: about to teleport, very slightly contaminated
A: walk through water, unfitting armour, unbreathing, cold-blooded, AC +11
a: Receive Corpses, Renounce Religion


You were on level 6 of the Dungeon.
You worshipped Kikubaaqudgha.
Kikubaaqudgha was aware of your devotion.
You were not hungry.

You visited 2 branches of the dungeon, and saw 7 of its levels.

You collected 178 gold pieces.

Inventory:

Hand Weapons
 f - a +0 hunting sling
 n - a +4 hand axe (weapon)
Missiles
 d - 98 stones (quivered)
Armour
 e - a +0 pair of gloves (worn)
Jewellery
 k - a ring of positive energy (left hand)
 s - a ring of magical power (right hand)
Wands
 o - a wand of polymorph (14/24)
Scrolls
 c - 2 scrolls of identify
 h - a scroll of recharging {unknown}
 l - a scroll of random uselessness {unknown}
 q - a scroll of enchant weapon {unknown}
 r - a scroll of remove curse {unknown}
 u - a scroll of fog {unknown}
Books
 a - a book of Frost

   Spells                             Type                      Level
   a - Freeze                         Ice                          1
   b - Throw Frost                    Conjuration/Ice              2
   c - Ozocubu's Armour               Charms/Ice                   3
   d - Throw Icicle                   Conjuration/Ice              4
   e - Summon Ice Beast               Ice/Summoning                4
 m - Kikubaaqudgha's Volume of Stolen Souls
   (Kikubaaqudgha gifted it to you on level 6 of the Dungeon)

   Spells                             Type                      Level
   a - Pain                           Necromancy                   1
   b - Corpse Rot                     Necromancy                   2
   c - Sublimation of Blood           Necromancy                   2
   d - Vampiric Draining              Necromancy                   3
   e - Control Undead                 Necromancy                   4
 p - a book of Minor Magic

   Spells                             Type                      Level
   a - Magic Dart                     Conjuration                  1
   b - Blink                          Translocation                2
   c - Call Imp                       Summoning                    2
   d - Slow                           Hexes                        2
   e - Conjure Flame                  Conjuration/Fire             3
   f - Mephitic Cloud                 Conjuration/Poison/Air       3
Comestibles
 b - 2 bread rations
 g - a meat ration


   Skills:
 + Level 4.1 Fighting
 * Level 4.2 Dodging
 + Level 3.9 Stealth
 + Level 3.7 Spellcasting
 + Level 2.8 Conjurations
 - Level 3.3 Ice Magic
 * Level 2.7 Air Magic
 * Level 3.3 Poison Magic


You had 7 spell levels left.
You knew the following spells:

 Your Spells              Type           Power        Failure   Level  Hunger
a - Freeze                Ice            ##..         4%          1    None
b - Ozocubu's Armour      Chrm/Ice       #.......     28%         3    ###....
c - Mephitic Cloud        Conj/Pois/Air  ##......     16%         3    ###....


Dungeon Overview and Level Annotations

Branches:
Dungeon (6/15)             Temple (1/1) D:5

Altars:
Ashenzari
Elyvilon
Fedhas
Gozag
Kikubaaqudgha
Makhleb
Okawaru
Qazlal
Ru
Sif Muna
Trog
Uskayaw
Vehumet
Wu Jian
Xom
Zin
The Shining One

Shops:
D:6 ?

Annotations:
D:2 Terence


Innate Abilities, Weirdness & Mutations

You can walk through water.
Your dull iron-grey scales are very hard. (AC +11)
You cannot fit into any form of body armour.
You can survive without breathing.
You are cold-blooded and may be slowed by cold attacks.


Message History

The orc warrior hits you but does no damage.
The hound completely misses you.
As you read the scroll of teleportation, it crumbles to dust.
You feel strangely unstable. The orc warrior closely misses you.
The hound bites you but does no damage.
You barely miss the hound.
The hound is moderately wounded.
You hit the orc warrior but do no damage.
The hound bites you.
* * * LOW HITPOINT WARNING * * *
The orc warrior hits you but does no damage.
The hound barely misses you.
You hit the hound.
The hound is moderately wounded.
You hit the orc warrior but do no damage.
Your icy armour evaporates.
The hound misses you.
The orc warrior hits you with a short sword!
You die...
Kikubaaqudgha rasps: "You have failed me!
Welcome... death!"

#.........#............##....##.#
#....................####.#####.#
#........................># #.#
.......####...............## #.#
...z...(Ko.................# #.#
......K#.#..#####..........# #.#
.......###..## #..........# #)#
.#..#..#∩'.oo#####.........####.#
.......###.lz{Ko@h.........##....
.#.....(()..{#####.........##....
.#.##...######## #.........##....
.......K#..†..###.........###.##
........((...<..##.............#
.................#.............#
.#...............#........)....#
...............................#
.................#######.......#


You could see an orc warrior, a big kobold, an iguana, a hound, a wight and 2
orcs.

Vanquished Creatures
  Grinder (D:5)
  A phantom (D:4)
  A centaur (D:5)
  A wyvern skeleton (D:6)
  2 scorpions (D:6)
  2 wights (D:6)
  A howler monkey (D:6)
  2 crimson imps (D:6)
  A bullfrog zombie (D:5)
  2 gnoll shamans (D:5)
  5 orc priests
  An orc wizard (D:5)
  A worker ant (D:4)
  A hound zombie (D:5)
  A hound skeleton (D:6)
  4 gnolls
  4 adders
  A shadow imp (D:5)
  3 oozes
  An adder skeleton (D:4)
  4 worms
  A dart slug (D:3)
  2 leopard geckos
  14 orcs
  6 giant cockroaches
  5 goblins
  5 hobgoblins
  12 jackals
  7 kobolds
  4 quokkas
  A ball python (D:1)
  10 bats
  7 frilled lizards
  A leopard gecko skeleton (D:5)
  A quokka skeleton (D:6)
  3 rats
119 creatures vanquished.

Notes
Turn   | Place    | Note
-------+----------+-------------------------------------------
     0 | D:1      | roguesci the Draconian Ice Elementalist began the quest for the Orb.
     0 | D:1      | Reached XP level 1. HP: 14/14 MP: 3/3
   175 | D:1      | Reached skill level 1 in Fighting
   207 | D:1      | Reached XP level 2. HP: 23/23 MP: 1/5
  1092 | D:2      | Found a sacrificial altar of Ru.
  1344 | D:2      | Reached XP level 3. HP: 16/28 MP: 0/6
  1537 | D:2      | Learned a level 3 spell: Ozocubu's Armour
  2201 | D:2      | Noticed Terence
  3062 | D:3      | Reached XP level 4. HP: 34/36 MP: 1/7
  3570 | D:3      | Found a burning altar of Makhleb.
  4110 | D:3      | Reached XP level 5. HP: 41/42 MP: 3/9
  4827 | D:4      | Found an opulent altar of Gozag.
  4985 | D:4      | Learned a level 3 spell: Mephitic Cloud
  5312 | D:4      | Noticed a phantom
  5333 | D:4      | Killed a phantom
  5333 | D:4      | Reached skill level 1 in Poison Magic
  5333 | D:4      | Reached XP level 6. HP: 19/51 MP: 7/10
  5766 | D:4      | Found a deep blue altar of Sif Muna.
  5834 | D:4      | Reached skill level 1 in Air Magic
  5860 | D:5      | Entered Level 5 of the Dungeon
  5860 | D:5      | Found a staircase to the Ecumenical Temple.
  5872 | Temple   | Entered the Ecumenical Temple
  6196 | Temple   | Became a worshipper of Kikubaaqudgha
  7622 | D:5      | Your scales start taking on a dull iron-grey colour.
  7622 | D:5      | Reduced skill Air Magic to level 1
  7622 | D:5      | Reached XP level 7. HP: 56/57 MP: 9/11
  7622 | D:5      | Gained mutation: You can survive without breathing. [Grey Draconian growth]
  7635 | D:5      | Noticed Grinder
  7650 | D:5      | Paralysed by Grinder for 3 turns
  7682 | D:5      | Paralysed by Grinder for 3 turns
  7694 | D:5      | Paralysed by Grinder for 3 turns
  7697 | D:5      | Killed Grinder
  8240 | D:6      | Reached * piety under Kikubaaqudgha
  8240 | D:6      | Identified Kikubaaqudgha's Volume of Stolen Souls (Kikubaaqudgha gifted it to you on level 6 of the Dungeon)
  8240 | D:6      | Received a gift from Kikubaaqudgha
  8414 | D:6      | Reached XP level 8. HP: 66/66 MP: 5/13
  8544 | D:6      | Found Xaceam's Magic Scroll Emporium.
  9001 | D:6      | HP: 3/66 [hound (3)]
  9002 | D:6      | Mangled by an orc warrior

Vault maps used:
D:1:      elethiomel_arrival_maze
D:2:      nicolae_ru_great_annihilating_truth, uniq_terence
D:3:      bloody_makhleb
D:4:      grunt_gozag_breadcrumbs, kennysheep_mini, first_bread,
          interstate_on_off, minmay_parallelograms, kennysheep_minor_cross,
          minmay_misc_feat_plants
D:5:      minmay_temple_entry_grid, serial_bayou_lagoon_a, uniq_grinder
D:6:      serial_shops, nicolae_shop_window_shopping, minmay_liquid_box,
          minmay_unpleasant_kobolds
Temple:   nicolae_temple_figure_eight

Skill      XL: |  1  2  3  4  5  6  7  8 |
---------------+-------------------------+-----
Fighting       | 1 2 3 4 |  4.1
Stealth        | 2 3 |  3.9
Dodging        | 2 3 4 |  4.2
Spellcasting   | 3 |  3.7
Poison Magic   | 1 3 |  3.3
Air Magic      | 1 2 |  2.7
Conjurations   | 2 |  2.8
Ice Magic      | |  3.3

Action                   |  1- 3 |  4- 6 |  7- 9 || total
-------------------------+-------+-------+-------++-------
Melee: Unarmed           |   239 |   169 |       ||   408
       Tailslap          |    13 |    33 |    12 ||    58
       Hand axe          |       |   100 |   145 ||   245
 Fire: Hunting sling     |     4 |       |       ||     4
Throw: Stone             |     5 |     2 |    28 ||    35
 Cast: Freeze            |    30 |    33 |    11 ||    74
       Ozocubu's Armour  |     7 |    19 |     8 ||    34
  Use: Potion            |     5 |     5 |     5 ||    15
       Scroll            |     1 |     1 |     3 ||     5
 Stab: Sleeping          |     2 |     2 |     3 ||     7
       Paralysed         |     2 |       |       ||     2
       Distracted        |       |     1 |       ||     1
  Eat: Chunk             |     6 |    10 |     4 ||    20
       Royal jelly       |     1 |       |       ||     1
       Fruit             |       |     4 |       ||     4
       Bread ration      |       |     1 |     1 ||     2
Armor: Skin              |   107 |   153 |    86 ||   346
Dodge: Dodged            |   189 |   240 |   148 ||   577
